 Dungeon Crawl Stone Soup version 0.25.0-15-gac7dcb8919 (webtiles) character file.

Game seed: 8804417528539287592

217 sking99 the Skirmisher (level 5, 38/42 HPs)
             Began as a Demonspawn Fighter on June 28, 2020.
             Was an Initiate of Qazlal.
             Quit the game on level 4 of the Dungeon.
             The game lasted 00:04:04 (3200 turns).

sking99 the Skirmisher (Demonspawn Fighter)         Turns: 3200, Time: 00:04:05

Health: 38/42      AC:  6    Str: 17    XL:     5   Next: 61%
Magic:  5/5        EV:  7    Int:  9    God:    Qazlal [......]
Gold:   167        SH:  9    Dex: 13    Spells: 4/4 levels left

rFire    . . .     SeeInvis .   a - +0 war axe
rCold    . . .     Gourm    .   c - +0 kite shield
rNeg     . . .     Faith    .   b - +0 scale mail
rPois    .         Spirit   .   (helmet restricted)
rElec    .         Reflect  .   (no cloak)
rCorr    .         Harm     .   (no gloves)
MR       .....                  (no boots)
Stlth    ..........             (no amulet)
HPRegen  0.14/turn              (no ring)
MPRegen  0.09/turn              (no ring)

@: no status effects
A: horns 2, demonic guardian 1
a: Renounce Religion


You were on level 4 of the Dungeon.
You worshipped Qazlal.
Qazlal was noncommittal.
You were not hungry.

You visited 1 branch of the dungeon, and saw 4 of its levels.

You collected 167 gold pieces.

Inventory:

Hand Weapons
 a - a +0 war axe (weapon)
Armour
 b - a +0 scale mail (worn)
 c - a +0 kite shield (worn)
Jewellery
 o - an uncursed ring of wizardry {unknown}
Wands
 p - a wand of enslavement (5)
Scrolls
 e - a scroll of random uselessness {unknown}
 h - 3 scrolls of teleportation {unknown}
 k - 4 scrolls of identify {unknown}
 l - a scroll of enchant armour {unknown}
 m - a scroll of fog {unknown}
 n - 2 scrolls of magic mapping {unknown}
 q - a scroll of fear {unknown}
Potions
 d - a potion of might
 g - a potion of lignification {unknown}
 i - 2 potions of flight {unknown}
 j - a potion of curing {unknown}
 r - a potion of stabbing {unknown}
Comestibles
 f - 4 rations
 s - a chunk of flesh


   Skills:
 + Level 4.0 Fighting
 * Level 4.0 Axes
 - Level 2.6 Armour
 + Level 3.7 Shields


You had 4 spell levels left.
You didn't know any spells.
Your spell library was empty.

Dungeon Overview and Level Annotations

Branches:
Dungeon (4/15)             Temple (0/1) D:4

Altars:
Dithmenos
Elyvilon
Okawaru
Qazlal


Innate Abilities, Weirdness & Mutations

You have a pair of horns on your head.
A weak demonic guardian rushes to your aid.


Message History

You block the hound's attack.
Found 11 gold pieces.
You hit the hound.
The hound is lightly wounded.
You hit the quokka. The quokka completely misses you. The hound bites you.
The quokka bites you but does no damage.
You block the hound's attack.
You hit the quokka.
You kill the quokka!
Qazlal accepts your kill.
You hit the hound. The hound bites you but does no damage.
Your shadow imp closely misses the hound.
The hound bites you but does no damage.
Your shadow imp gestures at the hound.
The hound writhes in agony!
You hit the hound.
You kill the hound!
Qazlal accepts your kill.
Your Axes skill increases to level 4!
Are you sure you want to abandon this character and quit the game? (Confirm with "yes".)

.. +.#>#.'........
.....#.#+#.#........
..... .....#........
#..$.###+###........
$...................
#..................
#....$<..##........
#.....5.###....#..(
###..†@..##.##.#...
#.....†............
.....##.#..........
..#. #.####...# .# .
# ... ...# .## ...
.. .. #.


You could see a friendly shadow imp (summoned).

Vanquished Creatures
  A hound (D:4)
  Terence (D:3)
  5 gnolls
  3 adders
  3 oozes (D:2)
  2 dart slugs
  A leopard gecko (D:2)
  2 orcs (D:3)
  A ball python (D:1)
  4 bats
  3 giant cockroaches
  8 goblins
  14 hobgoblins
  6 jackals
  7 kobolds
  A quokka (D:4)
  5 frilled lizards
  8 rats
75 creatures vanquished.

Notes
Turn   | Place    | Note
-------+----------+-------------------------------------------
     0 | D:1      | sking99 the Demonspawn Fighter began the quest for the Orb.
     0 | D:1      | Reached XP level 1. HP: 18/18 MP: 1/1
   114 | D:1      | Gained mutation: You have a pair of small horns on your
                  | head. [demonic ancestry]
   114 | D:1      | Reached XP level 2. HP: 24/24 MP: 2/2
   776 | D:2      | Found a shadowy altar of Dithmenos.
   795 | D:2      | Gained mutation: You have a pair of horns on your head.
                  | [demonic ancestry]
   795 | D:2      | Reached XP level 3. HP: 26/29 MP: 3/3
  1186 | D:2      | Reached XP level 4. HP: 35/35 MP: 4/4
  2410 | D:3      | Gained mutation: A weak demonic guardian rushes to your
                  | aid. [demonic ancestry]
  2410 | D:3      | Reached XP level 5. HP: 39/42 MP: 5/5
  2602 | D:3      | Found an iron altar of Okawaru.
  2739 | D:3      | Noticed Terence
  2746 | D:3      | Killed Terence
  2853 | D:3      | Found a white marble altar of Elyvilon.
  2925 | D:3      | Found a stormy altar of Qazlal.
  3079 | D:3      | Became a worshipper of Qazlal Stormbringer
  3187 | D:4      | Found a staircase to the Ecumenical Temple.
  3200 | D:4      | Quit the game

Illustrated notes

Levels and vault maps discovered:
D:1:      minmay_arrival_four_houses, layout_basic,
          hangedman_decor_diamond_cutter
D:2:      layout_loops_cross, nicolae_overflow_hidden_temple, minivault_11,
          minmay_puff
D:3:      layout_basic, elyvilon_altar_4, old_standard_altar, first_ration,
          serial_glass, glass_columns_a, glass_columns_a, due_unseen_surprise,
          feat_on_display, minmay_strange_pillars, minmay_strange_pillars,
          minmay_tree_intersection, okawaru_altar_gauntlet_db, uniq_terence
D:4:      layout_cave_pools, marbit_many_paths,
          minmay_temple_entry_glassed_door, uniq_sigmund, uniq_grinder

Skill      XL: |  1  2  3  4  5 |
---------------+----------------+-----
Axes           | 2 3 4 |  4.0
Shields        | 3 |  3.7
Fighting       | 4 |  4.0
Armour         | |  2.6

Action                   |  1- 3 |  4- 6 || total
-------------------------+-------+-------++-------
Melee: War axe           |    79 |   106 ||   185
       Headbutt          |     7 |    15 ||    22
  Eat: Chunk             |     1 |     6 ||     7
Armor: Scale mail        |    42 |    43 ||    85
Dodge: Dodged            |    24 |    38 ||    62
Block: Kite shield       |    38 |    55 ||    93
